 Dungeon Crawl Stone Soup version 0.23-a0-13-gb09bef45d9 (webtiles) character file.

1396 Kaname the Destroyer (level 8, 0/53 HPs)
             Began as a Demonspawn Wizard on Aug 2, 2018.
             Succumbed to a scorpion's poison
             ... on level 4 of the Dungeon.
             The game lasted 00:19:34 (6195 turns).

Kaname the Destroyer (Demonspawn Wizard)            Turns: 6195, Time: 00:19:34

Health: 0/53       AC:  4    Str: 12    XL:     8   Next: 41%
Magic:  3/11       EV: 12    Int: 21    God:
Gold:   258        SH:  0    Dex: 13    Spells: 4/13 levels left

rFire    . . .     SeeInvis +   b - +2 hand axe (elec)
rCold    + . .     Gourm    .   (no shield)
rNeg     . . .     Faith    .   q - +0 leather armour {rC+}
rPois    .         Spirit   .   (helmet unavailable)
rElec    .         Reflect  .   (no cloak)
rCorr    +         Harm     .   (no gloves)
MR       +....                  (no boots)
Stlth    +++.......             (no amulet)
HPRegen  0.17/turn              c - ring of resist corrosion
MPRegen  0.12/turn              o - ring of protection from magic

@: mighty, lethally poisoned (0 -> -3)
A: antennae 3, hooves 1, rugged brown scales 1, demonic guardian 1, low mp 1,
evolution 1
a: no special abilities


You were on level 4 of the Dungeon.
You were not hungry.

You visited 1 branch of the dungeon, and saw 6 of its levels.

You collected 258 gold pieces.

Inventory:

Hand Weapons
 b - a +2 hand axe of electrocution (weapon)
 x - a +0 dagger of venom
 y - a +0 vampiric war axe
Missiles
 l - 28 arrows
Armour
 a - a +0 buckler
 q - a +0 leather armour of cold resistance (worn)
Jewellery
 c - a ring of resist corrosion (left hand)
 j - an uncursed ring of flight
 o - a ring of protection from magic (right hand)
Wands
 k - a wand of enslavement (8)
Scrolls
 e - 4 scrolls of fear {unknown}
 f - a scroll of identify
 i - a scroll of random uselessness {unknown}
 m - a scroll of amnesia {unknown}
 n - a scroll of blinking {unknown}
 p - 3 scrolls of teleportation
 r - 3 scrolls of remove curse
 t - 2 scrolls of immolation
Potions
 g - a potion of agility
 h - a potion of might
 s - a potion of degeneration
 u - a potion of mutation
 v - a potion of haste {unknown}
Comestibles
 d - 6 rations


   Skills:
 + Level 2.0 Short Blades
 - Level 1.7 Dodging
 - Level 6.2 Stealth
 - Level 3.0 Spellcasting
 - Level 8.1 Conjurations
   Level 1.0 Summonings
 - Level 0.8 Translocations


You had 4 spell levels left.
You knew the following spells:

 Your Spells              Type           Power        Failure   Level  Hunger
a - Magic Dart            Conj           ####         1%          1    None
b - Blink                 Tloc           N/A          19%         2    ##.....
c - Mephitic Cloud        Conj/Pois/Air  ##......     17%         3    ###....
d - Conjure Flame         Conj/Fire      ###.....     10%         3    ###....

Your spell library contained the following spells:

 Spells                   Type           Power        Failure   Level  Hunger
 Slow                     Hex            #.......     26%         2    ##.....
 Call Imp                 Summ           #.......     17%         2    ##.....
 Spider Form              Tmut/Pois      #.........   45%         3    ###....
 Blade Hands              Tmut           #.........   99%         5    ######.
 Ice Form                 Ice/Tmut       #.......     86%         4    ####...
 Sticks to Snakes         Tmut           #.......     26%         2    ##.....
 Beastly Appendage        Tmut           #.....       17%         1    None


Dungeon Overview and Level Annotations

Branches:
Dungeon (6/15)
 Temple: D:4-7

Altars:
Hepliaklqana
Okawaru
Ru
Uskayaw
Wu Jian
Xom
The Shining One

Annotations:
D:6 Menkaure


Innate Abilities, Weirdness & Mutations

You have a pair of large antennae on your head. (SInv)
A weak demonic guardian rushes to your aid.
You have large cloven feet.
You are partially covered in rugged brown scales. (AC +1, +3% HP)
Your magical capacity is low. (-10% MP)
You evolve.


Message History

* * * LOW HITPOINT WARNING * * *
You feel sick.
Casting: Magic Dart (safe; 1% risk of failure)
Confirm with . or Enter, or press ? or * to list all spells.
Aiming: Mephitic Cloud (safe; 17% risk of failure)
Press: ? - help, Shift-Dir - straight line, f/p - scorpion
Aim: a scorpion (severely wounded)
The ball explodes into a vile cloud!
The stinking cloud engulfs the scorpion.
The scorpion is severely wounded.
The scorpion is engulfed in noxious fumes.
The scorpion appears confused.
Casting: Mephitic Cloud (safe; 17% risk of failure)
Confirm with . or Enter, or press ? or * to list all spells.
Aiming: Magic Dart (safe; 1% risk of failure)
Press: ? - help, Shift-Dir - straight line, f/p - scorpion
Aim: a scorpion (noxious fumes, severely wounded, confused)
The magic dart hits the scorpion.
The scorpion is almost dead.
You die...

#.#####..####.#
#.......#..##.#
#.......#..##.#
###...####.##.#
#.......#.....#
#...#...#.§§###
###'#'###§§s#
#.....#.....###
#.....#...@.#
##
#...#####...#
.. #... _....#
.. #... #.....#
## ..# #+###..
... ...#...
....#...#
...####..#


You could see a scorpion (confused).

Vanquished Creatures
  Sigmund (D:6)
  2 orc warriors (D:6)
  A phantom (D:4)
  3 ogres
  Blork the orc (D:6)
  A scorpion (D:4)
  2 howler monkeys
  2 hounds
  4 orc priests
  4 orc wizards
  2 iguanas (D:4)
  3 worker ants
  A hound skeleton (D:6)
  3 adders
  A shadow imp (D:6)
  2 oozes
  3 worms
  5 dart slugs
  4 leopard geckos
  10 orcs
  2 giant cockroaches (D:4)
  3 goblins
  4 hobgoblins
  2 quokkas (D:3)
  5 bats
  4 frilled lizards
  7 kobolds
  A quokka skeleton (D:4)
  9 rats
92 creatures vanquished.

Vanquished Creatures (collateral kills)
  An ogre (D:4)
  2 orcs (D:6)
3 creatures vanquished.

Grand Total: 95 creatures vanquished

Notes
Turn   | Place    | Note
-------+----------+-------------------------------------------
     0 | D:1      | Kaname the Demonspawn Wizard began the quest for the Orb.
     0 | D:1      | Reached XP level 1. HP: 13/13 MP: 4/4
   198 | D:1      | Reached skill level 2 in Conjurations
   530 | D:1      | Gained mutation: You have a pair of small antennae on your head. [demonic ancestry]
   530 | D:1      | Reached XP level 2. HP: 13/19 MP: 3/6
  1080 | D:1      | Reached skill level 3 in Conjurations
  1223 | D:1      | Reached XP level 3. HP: 24/24 MP: 4/7
  1227 | D:1      | Learned a level 2 spell: Blink
  1231 | D:1      | Learned a level 3 spell: Mephitic Cloud
  1414 | D:2      | Found an iron altar of Okawaru.
  1703 | D:2      | Gained mutation: You have a pair of antennae on your head. [demonic ancestry]
  1703 | D:2      | Reached XP level 4. HP: 18/30 MP: 0/8
  2084 | D:3      | Reached skill level 4 in Conjurations
  2135 | D:3      | Learned a level 3 spell: Conjure Flame
  2223 | D:3      | Found a shimmering altar of Xom.
  2226 | D:3      | Found a glowing golden altar of the Shining One.
  2230 | D:3      | Found an ornate altar of the Wu Jian Council.
  2245 | D:3      | Found a hide-covered altar of Uskayaw.
  2681 | D:3      | Reached XP level 5. HP: 21/35 MP: 4/9
  2863 | D:3      | Reached skill level 5 in Conjurations
  3088 | D:4      | Noticed an ogre
  3103 | D:4      | Killed an ogre
  3103 | D:4      | Reached skill level 6 in Conjurations
  3298 | D:4      | Gained mutation: You have a pair of large antennae on your head. (SInv) [demonic ancestry]
  3298 | D:4      | Reached XP level 6. HP: 33/41 MP: 4/10
  3714 | D:4      | Reached skill level 7 in Conjurations
  3765 | D:4      | You fall through a shaft for 2 floors!
  3776 | D:6      | Found a hazy altar of Hepliaklqana.
  3788 | D:6      | Noticed an orc warrior
  3860 | D:6      | Killed an orc warrior
  3860 | D:6      | Reached XP level 7. HP: 11/46 MP: 3/11
  3933 | D:6      | Reached skill level 8 in Conjurations
  4155 | D:6      | Noticed Sigmund
  4167 | D:6      | Killed Sigmund
  4261 | D:6      | Noticed Blork the orc
  4457 | D:6      | Reached skill level 5 in Stealth
  4457 | D:6      | Gained mutation: A weak demonic guardian rushes to your aid. [demonic ancestry]
  4457 | D:6      | Reached XP level 8. HP: 46/52 MP: 3/12
  4577 | D:6      | Noticed Menkaure
  5041 | D:6      | Killed Blork the orc
  5596 | D:6      | Found a hazy altar of Hepliaklqana.
  5988 | D:5      | Entered Level 5 of the Dungeon
  6071 | D:4      | Found a sacrificial altar of Ru.
  6086 | D:4      | Reached skill level 1 in Short Blades
  6189 | D:4      | HP: 2/52 [scorpion (1)]
  6191 | D:4      | Gained mutation: Your magical capacity is low. (-10% MP) [potion of mutation]
  6191 | D:4      | Gained mutation: You evolve. [potion of mutation]
  6191 | D:4      | Gained mutation: You have large cloven feet. [potion of mutation]
  6191 | D:4      | Gained mutation: You are partially covered in rugged brown scales. (AC +1, +3% HP) [potion of mutation]
  6195 | D:4      | Succumbed to a scorpion's poison

Vault maps used:
D:1:      denvon_arrival_waterhouse, st_stairs_12
D:2:      lemuel_crystal_altar
D:3:      grunt_temple_overflow_cloverleaf
D:4:      hangedman_ru_absence
D:5:      lemuel_doored_altar, first_ration, nicolae_dithmenos_shadow_blocks
D:6:      nicolae_overflow_crystal_walls, uniq_sigmund, uniq_menkaure,
          uniq_blork_the_orc

Skill      XL: |  1  2  3  4  5  6  7  8 |
---------------+-------------------------+-----
Conjurations   | 2 3 4 6 7 8 |  8.1
Stealth        | 5 6 |  6.2
Short Blades   | 2 |  2.0
Dodging        | |  1.7
Spellcasting   | |  3.0
Summonings     | |  1.0
Translocations | |  0.8

Action                   |  1- 3 |  4- 6 |  7- 9 || total
-------------------------+-------+-------+-------++-------
Melee: Unarmed           |     4 |       |       ||     4
       Short sword       |     8 |       |       ||     8
       Whip              |    17 |    40 |       ||    57
       Dagger            |       |    61 |    33 ||    94
       Hand axe          |       |       |    20 ||    20
 Cast: Magic Dart        |    72 |    91 |    55 ||   218
       Mephitic Cloud    |       |     5 |     7 ||    12
       Blink             |       |       |     3 ||     3
Evoke: Wand              |       |     7 |       ||     7
  Use: Scroll            |     1 |     5 |     1 ||     7
       Potion            |       |     7 |     2 ||     9
 Stab: Confused          |       |       |     5 ||     5
       Distracted        |       |       |     1 ||     1
  Eat: Chunk             |     2 |     7 |     2 ||    11
       Ration            |       |       |     2 ||     2
Armor: Robe              |     8 |     8 |       ||    16
       Leather armour    |       |       |     5 ||     5
Dodge: Dodged            |    34 |    69 |    25 ||   128

Table legend:
 A = Spawn XP
 B = Non-spawn XP
 C = Spawn XP percentage of total XP
 D = Spawn monster count
 E = Non-spawn monster count
 F = Spawn count percentage of total count
 G = Total turns spent on level
                    A         B        C        D         E        F      G
               +---------+---------+-------+---------+---------+-------+---------
         Total |       0 |    1995 |   0.0 |       0 |      95 |   0.0 |  6195
               +---------+---------+-------+---------+---------+-------+---------
           D:1 |       0 |      42 |   0.0 |       0 |      20 |   0.0 |  1387
           D:2 |       0 |     103 |   0.0 |       0 |       9 |   0.0 |   902
           D:3 |       0 |      67 |   0.0 |       0 |      22 |   0.0 |   750
           D:4 |       0 |     661 |   0.0 |       0 |      18 |   0.0 |   902
           D:5 |       0 |     100 |   0.0 |       0 |       1 |   0.0 |    31
           D:6 |       0 |    1022 |   0.0 |       0 |      25 |   0.0 |  2223
               +---------+---------+-------+---------+---------+-------+---------
